 Dungeon Crawl Stone Soup version 0.24.0-37-gcf1ca852f1 (webtiles) character file.

Game seed: 7304420612603297620, levelgen mode: deterministic

474 Goreval the Chopper (level 7, -1/63 HPs)
             Began as a Hill Orc Monk on Dec 7, 2019.
             Was a Believer of Beogh.
             Slain by a two-headed ogre
             ... wielding a +0 giant spiked club
              (6 damage)
             ... on level 4 of the Dungeon.
             The game lasted 00:09:55 (6096 turns).

Goreval the Chopper (Hill Orc Monk)                 Turns: 6096, Time: 00:09:55

Health: -1/63      AC: 12    Str: 16    XL:     7   Next: 10%
Magic:  3/8        EV:  3    Int: 10    God:    Beogh [**....]
Gold:   205        SH: 14    Dex: 13    Spells: 6/6 levels left

rFire    . . .     SeeInvis .   a - +1 hand axe
rCold    . . .     Gourm    .   s - +2 large shield {rPois}
rNeg     . . .     Faith    .   w - +0 chain mail
rPois    +         Spirit   .   (no helmet)
rElec    .         Reflect  .   (no cloak)
rCorr    .         Harm     .   C - +0 pair of gloves
MR       .....                  t - +1 pair of boots
Stlth    ..........             (no amulet)
HPRegen  0.20/turn              m - ring of poison resistance
MPRegen  0.11/turn              (no ring)

@: no status effects
A: no striking features
a: Smiting, Renounce Religion


You were on level 4 of the Dungeon.
You worshipped Beogh.
Beogh was pleased with you.
You were near starving.

You visited 1 branch of the dungeon, and saw 5 of its levels.

You collected 205 gold pieces.

Inventory:

Hand Weapons
 a - a +1 hand axe (weapon)
Missiles
 d - 6 boomerangs of dispersal (quivered)
 f - 2 throwing nets
 p - 89 stones
Armour
 s - a +2 large shield of poison resistance (worn)
 t - a +1 pair of boots (worn)
 w - a +0 chain mail (worn)
 C - a +0 pair of gloves (worn)
Jewellery
 m - a ring of poison resistance (left hand)
Wands
 b - a wand of iceblast (12)
 o - a wand of disintegration (18)
 A - a wand of flame (19)
Scrolls
 e - 4 scrolls of teleportation
 i - 4 scrolls of fog
 k - 2 scrolls of remove curse
 n - a scroll of identify
 q - a scroll of noise
 u - a scroll of enchant armour {unknown}
 v - a scroll of enchant weapon
 B - a scroll of immolation {unknown}
Potions
 g - 2 potions of heal wounds {unknown}
 h - 2 potions of haste
 j - 3 potions of brilliance
 l - 2 potions of curing
 r - a potion of lignification {unknown}
 x - a potion of might {unknown}
 z - a potion of invisibility
Comestibles
 c - 9 rations


   Skills:
 + Level 6.0 Fighting
 * Level 7.1 Axes
 + Level 3.0 Armour
 - Level 2.4 Dodging
 - Level 1.5 Stealth
 + Level 1.6 Shields
 + Level 2.0 Invocations


You had 6 spell levels left.
You didn't know any spells.
Your spell library was empty.

Dungeon Overview and Level Annotations

Branches:
Dungeon (5/15)
 Temple: D:4-7

Altars:
Cheibriados
Fedhas
Gozag
Kikubaaqudgha
Nemelex Xobeh
Ru
Sif Muna
The Shining One

Shops:
D:3 *


Message History

You smite the two-headed ogre!
You completely miss the two-headed ogre.
The two-headed ogre hits you with a +0 giant spiked club!
The two-headed ogre hits you with a +0 giant club!
You slash the two-headed ogre!
You block the two-headed ogre's attack. x2
You hit the two-headed ogre but do no damage.
The two-headed ogre hits you with a +0 giant spiked club!
You block the two-headed ogre's attack.
Smite: a two-headed ogre, wielding a +0 giant spiked club and a +0 giant club (heavily wounded)
You smite the two-headed ogre!
You don't have enough magic at the moment.
You hit the two-headed ogre.
You are near starving!
You block the two-headed ogre's attack.
The two-headed ogre hits you with a +0 giant club!!
* * * LOW HITPOINT WARNING * * *
You see here a rapier.
You block the two-headed ogre's attack.
The two-headed ogre hits you with a +0 giant club.
You die...

##########.########.#############
.........#<.........##...........
########.##########.##.##########
#...............#.#.........
#.#.#############..........# ####
#.#.#############........#.# ...#
#.#...............#......#.. ...#
#.#..##############.###..#.. ...#
#.#........@O..)....#....#..
...###.#...#############.#<#..#..
.............................>#..
########...#############.#....#..
...........# #.#.#.....
#########..# #.#.#..... #..#
#.#....... #..# #......... #..#
#....#.###


You could see a two-headed ogre.

Vanquished Creatures
  2 scorpions (D:5)
  A jelly (D:5)
  A bullfrog skeleton (D:5)
  Jessica (D:3)
  Natasha (thrice) (D:2)
  A worker ant (D:5)
  6 gnolls (D:2)
  3 adders
  An ooze (D:1)
  4 worms
  4 dart slugs
  5 leopard geckos
  4 orcs
  4 bats
  3 giant cockroaches
  9 goblins
  6 hobgoblins
  3 jackals (D:4)
  7 kobolds
  A quokka (D:5)
  2 ball pythons
  5 frilled lizards
  A jackal skeleton (D:4)
  A jackal zombie (D:5)
  4 rats
82 creatures vanquished.

Vanquished Creatures (others)
  An orc wizard (D:3)
  An orc (D:3)
  A ball python (D:3)
3 creatures vanquished.

Grand Total: 85 creatures vanquished

Notes
Turn   | Place    | Note
-------+----------+-------------------------------------------
     0 | D:1      | Goreval the Hill Orc Monk began the quest for the Orb.
     0 | D:1      | Reached XP level 1. HP: 19/19 MP: 1/1
   239 | D:1      | Reached XP level 2. HP: 17/27 MP: 2/2
   740 | D:1      | Reached skill level 1 in Armour
   740 | D:1      | Reached XP level 3. HP: 33/33 MP: 3/3
  1313 | D:2      | Reached skill level 5 in Axes
  1460 | D:2      | Found a blossoming altar of Fedhas.
  1468 | D:2      | Reached XP level 4. HP: 40/41 MP: 4/4
  1647 | D:2      | Noticed Natasha
  1657 | D:2      | Killed Natasha
  1699 | D:2      | Found a sacrificial altar of Ru.
  1768 | D:2      | Reached skill level 5 in Fighting
  1785 | D:2      | Reached XP level 5. HP: 48/48 MP: 5/5
  1964 | D:2      | Noticed Natasha
  2447 | D:2      | Killed Natasha
  2447 | D:2      | Reached skill level 6 in Axes
  2646 | D:2      | Noticed Natasha
  2662 | D:2      | Killed Natasha
  3028 | D:3      | Became a worshipper of Beogh the Brigand
  3028 | D:3      | Reached * piety under Beogh
  3028 | D:3      | Reached ** piety under Beogh
  3272 | D:3      | Noticed Jessica
  3292 | D:3      | Killed Jessica
  3292 | D:3      | Reached XP level 6. HP: 52/57 MP: 6/6
  3468 | D:3      | Found Gozag's Platinum Reserve.
  3502 | D:3      | Found an opulent altar of Gozag.
  3573 | D:3      | Found a shimmering blue altar of Sif Muna.
  3644 | D:3      | Found a snail-covered altar of Cheibriados.
  4000 | D:4      | Found a sparkling altar of Nemelex Xobeh.
  4654 | D:5      | Entered Level 5 of the Dungeon
  4654 | D:5      | Found an ancient bone altar of Kikubaaqudgha.
  4681 | D:5      | Reached skill level 1 in Shields
  4681 | D:5      | Reached skill level 1 in Invocations
  4997 | D:5      | Noticed a phantom
  5397 | D:5      | Found a glowing golden altar of the Shining One.
  5521 | D:5      | Reached skill level 7 in Axes
  5521 | D:5      | Reached XP level 7. HP: 60/63 MP: 8/8
  5524 | D:5      | Noticed a two-headed ogre
  6087 | D:4      | HP: 3/63 [two-headed ogre/+0 giant spiked club (18)]
  6096 | D:4      | Slain by a two-headed ogre

Levels and vault maps discovered:
D:1:      sevenhm_arrival_forest_fort_small_5, layout_rooms, due_unseen_surprise
D:2:      layout_basic, lemuel_round_altar, fedhas_altar_1, uniq_natasha
D:3:      layout_loops_cross, cheibriados_altar_1,
          nicolae_gozag_zags_fifth_avenue, overflow_temple_1_default,
          uniq_jessica
D:4:      layout_basic, nemelex_xobeh_ov_fountains_minmay, first_ration
D:5:      layout_basic, marbit_many_paths, okawaru_trees_1,
          nicolae_tso_swordbearing_angel, basic_altar, minmay_tree_intersection,
          uniq_eustachio

Skill      XL: |  1  2  3  4  5  6 |
---------------+-------------------+-----
Fighting       | 4 5 6 |  6.0
Armour         | 1 2 3 |  3.0
Axes           | 5 6 7 |  7.1
Shields        | 1 |  1.6
Invocations    | 2 |  2.0
Dodging        | |  2.4
Stealth        | |  1.5

Action                   |  1- 3 |  4- 6 |  7- 9 || total
-------------------------+-------+-------+-------++-------
Melee: Hand axe          |   107 |   247 |    12 ||   366
Invok: Convert to Beogh  |       |     1 |       ||     1
       Smiting           |       |       |     2 ||     2
Evoke: Wand              |       |       |     2 ||     2
  Use: Scroll            |       |     8 |       ||     8
 Stab: Sleeping          |     2 |     2 |       ||     4
  Eat: Chunk             |     2 |    13 |       ||    15
Armor: Robe              |    15 |     3 |       ||    18
       Chain mail        |       |    69 |     2 ||    71
       Scale mail        |       |     2 |       ||     2
Dodge: Dodged            |    61 |    83 |     3 ||   147
Block: Buckler           |       |    11 |       ||    11
       Large shield      |       |    37 |    17 ||    54
